 Dungeon Crawl Stone Soup version 0.28-a0-1087-gf3fc490d9d (webtiles) character file.

Game seed: 1975911038535496611

6692 demibob the Carver (level 10, -6/112 HPs)
             Began as a Demonspawn Berserker on Dec 11, 2021.
             Was a Believer of Trog.
             Mangled by an apocalypse crab (23 damage)
             ... on level 1 of the Abyss.
             The game lasted 00:12:33 (11941 turns).

demibob the Carver (Demonspawn Berserker)          Turns: 11941, Time: 00:12:34

Health: -6/112     AC: 25    Str: 22    XL:     10   Next: 74%
Magic:  10/10      EV: 13    Int:  8    God:    Trog [**....]
Gold:   430        SH:  0    Dex: 13    Spells: 9/9 levels left

rFire   . . .      SeeInvis .   a - +1 falchion (freeze)
rCold   . . .      Faith    +   (no shield)
rNeg    . . .      Spirit   .   e - +2 chain mail {rPois}
rPois   +          Reflect  .   (no helmet)
rElec   .          Harm     .   o - +0 cloak
rCorr   .          Rampage  +   (no gloves)
Will    ++...                   k - +1 pair of boots {rampage}
Stlth   ..........              p - amulet of faith {!P}
HPRegen 1.28/turn               (no ring)
MPRegen 0.12/turn               (no ring)

@: mighty, agile, berserking, strong-willed (expiring), sanguine armoured,
regenerating (expiring), hasted, invisible (expiring), very quick
A: hooves 1, sanguine armour 2, demonic magic 1
a: Renounce Religion, Berserk, Trog's Hand


You were on level 1 of the Abyss.
You worshipped Trog.
Trog was pleased with you.
You visited 1 branch of the dungeon, and saw 9 of its levels.
You visited the Abyss 1 time.

You collected 430 gold pieces.


Innate Abilities, Weirdness & Mutations

You have large cloven feet.
When seriously injured, your blood forms thick armour. (AC +9)
Spells you cast may paralyse adjacent enemies.


   Skills:
 + Level 5.6 Fighting
 * Level 12.7 Long Blades
 - Level 7.5 Armour
 - Level 1.7 Dodging


You had 9 spell levels left.
You didn't know any spells.
Your spell library was empty.

Inventory:

Hand Weapons
 a - a +1 falchion of freezing (weapon)
Missiles
 f - 36 poisoned darts (quivered)
Armour
 e - a +2 chain mail of poison resistance (worn)
 k - a +1 pair of boots of rampaging (worn)
 o - a +0 cloak (worn)
Jewellery
 p - an amulet of faith (around neck) {!P}
Wands
 t - a wand of flame (5)
 u - a wand of paralysis (3)
Scrolls
 q - a scroll of enchant armour
 s - a scroll of enchant weapon
 v - a scroll of brand weapon
Potions
 b - a potion of might
 c - a potion of curing {@q1}
 g - 2 potions of mutation
 h - a potion of berserk rage {!q}
 i - a potion of flight
 l - a potion of haste {@q3}
 m - a potion of cancellation
 n - 3 potions of attraction

Dungeon Overview and Level Annotations

Branches:
Dungeon (9/15)             Temple (0/1) D:6
   Lair: D:8-11         Orc: D:9-12

Altars:
Ashenzari
Trog
Uskayaw
The Shining One

Shops:
D:7 :

Annotations:
D:4 1 runed translucent door, miscthings's ghost, amateur KoEn

#...)......
#.......... #
........... #.
.......... .
#.##.........
...#...........
...............
#..!@t......
...............
..###..L.....#.
#..........
.....##....
#...... ....
....... ...
........# ..


You could see a lich and an apocalypse crab (agile).


Message History

You feel resistant to poison.
Your blood congeals into armour.
Okay, then.
Okay, then.
Use which ability? (? or * to list)
A red film seems to cover your vision as you go berserk!
You feel yourself moving faster!
You feel mighty!
You fade further into invisibility.
The lich shouts!
The apocalypse crab is engulfed in seething chaos.
The apocalypse crab bites you but does no damage.
The apocalypse crab closely misses you.
You barely miss the apocalypse crab.
The apocalypse crab is heavily wounded.
You feel yourself speed up. The apocalypse crab barely misses you.
The apocalypse crab claws you but does no damage.
You closely miss the apocalypse crab.
The apocalypse crab is heavily wounded.
You slash the apocalypse crab!
The apocalypse crab is heavily wounded.
The apocalypse crab bites you but does no damage.
The apocalypse crab claws you but does no damage.
You closely miss the apocalypse crab.
The apocalypse crab is heavily wounded.
You hit the apocalypse crab.
The apocalypse crab is severely wounded.
The apocalypse crab bites you!
* * * LOW HITPOINT WARNING * * *
The apocalypse crab freezes you!!
You die...

Skill      XL: |  1  2  3  4  5  6  7  8  9 10 |
---------------+-------------------------------+-----
Long Blades    | 3 5 6 7 9 11 12 | 12.7
Armour         | 2 3 4 6 7 |  7.5
Fighting       | 5 |  5.6
Dodging        | |  1.7

Action                   |  1- 3 |  4- 6 |  7- 9 | 10-12 || total
-------------------------+-------+-------+-------+-------++-------
Melee: Falchion          |   135 |    77 |   299 |   119 ||   630
       Kick              |       |    13 |    86 |    28 ||   127
Throw: Dart              |     2 |       |    13 |       ||    15
Invok: Berserk           |     1 |     2 |    14 |     7 ||    24
       Trog's Hand       |       |       |       |     1 ||     1
Evoke: Wand              |       |       |       |     1 ||     1
  Use: Scroll            |     3 |     4 |    11 |     2 ||    20
       Potion            |       |       |       |     6 ||     6
 Stab: Sleeping          |     1 |       |       |       ||     1
       Invisible         |       |       |       |     1 ||     1
Armor: Animal skin       |    33 |       |       |       ||    33
       Chain mail        |    16 |    48 |   183 |    67 ||   314
       Skin              |       |       |       |    13 ||    13
Dodge: Dodged            |    83 |    32 |    94 |    37 ||   246

Levels and vault maps discovered:
D:1:      heliophobic_arrival_battle_scene, layout_basic, interstate_on_off
D:2:      layout_basic, basic_altar
D:3:      layout_basic, lemuel_round_altar, uniq_jessica, uniq_sigmund
D:4:      layout_cave_pools, serial_rivers, chequers_serial_rivers_micro_a,
          chequers_serial_rivers_micro_e, chequers_serial_rivers_micro_c,
          chequers_serial_rivers_micro_a, chequers_serial_rivers_room_a,
          chequers_serial_rivers_room_b, ebering_ghost_sewer_d
D:5:      layout_loops_ring, lemuel_old_faithful
D:6:      layout_basic, mainiacjoe_overflow_boulevard, minmay_temple_entry_mist
D:7:      layout_cave_pools, trog_three_pillars_becter, serial_shops, shop,
          lightli_minifort
D:8:      minmay_chambers_of_sixes, layout_loops_ring, minmay_sticks_and_stones
D:9:      gammafunk_boulding_lane, layout_cave_pools, minmay_statues_item,
          minmay_crystal_room, nicolae_straight_to_the_point, uniq_harold,
          uniq_psyche
Abyss:1:  base:
D:5

Notes
Turn   | Place    | Note
-------+----------+-------------------------------------------
     0 | D:1      | demibob the Demonspawn Berserker began the quest for the
                  | Orb.
     0 | D:1      | Reached XP level 1. HP: 18/18 MP: 1/1
   193 | D:1      | Reached skill level 3 in Long Blades
   400 | D:1      | Gained mutation: When seriously injured, your blood forms
                  | armour. (AC +9) [demonic ancestry]
   400 | D:1      | Reached XP level 2. HP: 17/24 MP: 2/2
  1627 | D:1      | Reached XP level 3. HP: 28/29 MP: 3/3
  1703 | D:1      | Reached ** piety under Trog
  1992 | D:2      | Reached skill level 4 in Long Blades
  3294 | D:3      | Identified a +2 robe of resistance
  3294 | D:3      | Noticed Sigmund
  3306 | D:3      | Killed Sigmund
  3307 | D:3      | Reached skill level 5 in Long Blades
  3307 | D:3      | Reached skill level 2 in Armour
  3307 | D:3      | Gained mutation: You have large cloven feet. [demonic
                  | ancestry]
  3307 | D:3      | Reached XP level 4. HP: 20/35 MP: 4/4
  3307 | D:3      | Gained mutation: When seriously injured, your blood forms
                  | thick armour. (AC +9) [demonic ancestry]
  3307 | D:3      | Reached XP level 5. HP: 23/41 MP: 5/5
  3654 | D:3      | Noticed Jessica
  3659 | D:3      | Killed Jessica
  3753 | D:3      | Reached skill level 3 in Armour
  4037 | D:3      | Found a broken altar of Ashenzari.
  4268 | D:4      | Reached XP level 6. HP: 47/47 MP: 6/6
  4431 | D:4      | Reached skill level 6 in Long Blades
  4822 | D:4      | Found a runed translucent door.
  4848 | D:4      | Noticed miscthings's ghost (amateur KoEn)
  5253 | D:5      | Entered Level 5 of the Dungeon
  5315 | D:5      | Reached XP level 7. HP: 21/52 MP: 7/7
  5671 | D:5      | Reached skill level 4 in Armour
  5784 | D:5      | Reached skill level 7 in Long Blades
  6905 | D:6      | Reached XP level 8. HP: 57/58 MP: 8/8
  7084 | D:6      | Reached skill level 8 in Long Blades
  7104 | D:6      | Found a staircase to the Ecumenical Temple.
  7134 | D:6      | Reached skill level 5 in Armour
  7263 | D:6      | Found a hide-covered altar of Uskayaw.
  7854 | D:7      | Reached skill level 9 in Long Blades
  8217 | D:7      | Found Gios's Book Shoppe.
  8223 | D:7      | Reached skill level 6 in Armour
  8423 | D:7      | Found a bloodstained altar of Trog.
  8557 | D:7      | Gained mutation: Spells you cast may paralyse adjacent
                  | enemies. [demonic ancestry]
  8557 | D:7      | Reached XP level 9. HP: 50/63 MP: 9/9
  9153 | D:8      | HP: 5/59 [steam dragon (5)]
  9154 | D:8      | Reached *** piety under Trog
  9155 | D:8      | Reached skill level 10 in Long Blades
  9573 | D:8      | Noticed Joseph
  9592 | D:8      | Killed Joseph
  9831 | D:8      | Reached skill level 7 in Armour
 10100 | D:8      | Noticed a two-headed ogre
 10110 | D:8      | Killed a two-headed ogre
 10111 | D:8      | Reached skill level 11 in Long Blades
 10699 | D:8      | Noticed a salamander
 10700 | D:8      | Noticed a deep elf pyromancer
 10701 | D:8      | Noticed a centaur warrior
 10702 | D:8      | a salamander changed into a tarantella
 10711 | D:8      | Killed a centaur warrior
 10712 | D:8      | Reached XP level 10. HP: 71/71 MP: 10/10
 10716 | D:8      | Killed a deep elf pyromancer
 10717 | D:8      | Reached skill level 4 in Fighting
 10797 | D:8      | Noticed a purple ugly thing
 10799 | D:8      | Noticed a mana viper
 10811 | D:8      | Killed a purple ugly thing
 10812 | D:8      | Reached skill level 12 in Long Blades
 10870 | D:8      | Noticed a death drake
 11112 | D:8      | Noticed a guardian serpent
 11130 | D:8      | Killed a guardian serpent
 11248 | D:9      | Found a transporter.
 11248 | D:9      | Found a transporter.
 11416 | D:9      | Noticed a boulder beetle
 11464 | D:9      | Reached skill level 5 in Fighting
 11609 | D:9      | Killed a boulder beetle
 11899 | D:9      | HP: 8/112 [wight (15)]
 11904 | D:9      | You are cast into the Abyss!
 11904 | D:9      | Cast into level 1 of the Abyss (wight)
 11919 | Abyss:1  | Noticed an apocalypse crab
 11936 | Abyss:1  | Noticed a lich
 11941 | Abyss:1  | Mangled by an apocalypse crab

Vanquished Creatures
  A boulder beetle (D:9)
  A centaur warrior (D:8)
  A two-headed ogre (D:8)
  A deep elf pyromancer (D:8)
  An ugly thing (D:8)
  Joseph (D:8)
  A guardian serpent (shapeshifter) (D:8)
  Sigmund (D:3)
  A wraith (D:9)
  A steam dragon (D:8)
  An acid dragon (D:8)
  2 water moccasins (D:8)
  An ice beast (D:8)
  A sky beast (D:7)
  2 necrophages
  An orc warrior (D:7)
  3 centaurs (D:7)
  3 ogres
  A gnoll sergeant (D:6)
  A kobold brigand (D:8)
  A bullfrog (D:6)
  A scorpion (D:5)
  A wyvern skeleton (D:5)
  2 water moccasin skeletons (D:6)
  4 killer bees (D:9)
  12 wights
  A howler monkey (D:5)
  An electric eel (D:7)
  3 centaur zombies (D:8)
  A hound (D:5)
  A gnoll shaman (D:5)
  3 orc priests
  Jessica (D:3)
  A bullfrog skeleton (D:6)
  4 orc wizards
  A howler monkey skeleton (D:6)
  A howler monkey zombie (D:6)
  8 gnolls
  3 adders
  A shadow imp (D:6)
  A white imp (D:6)
  2 dart slugs
  16 orcs
  8 ball pythons
  5 endoplasms
  3 giant cockroaches
  8 goblins
  8 hobgoblins
  7 jackals
  3 quokkas
  6 bats
  4 frilled lizards
  8 kobolds
  4 rats
160 creatures vanquished.

Vanquished Creatures (others)
  6 plants (D:6)
6 creatures vanquished.

Grand Total: 166 creatures vanquished

Table legend: (Time is in decaauts)
 A = Elapsed time spent in this place.
 B = Non-inter-level travel time spent in this place.
 C = Inter-level travel time spent in this place.
 D = Time resting spent in this place.
 E = Time spent auto-exploring this place.
 F = Levels seen in this place.
 G = Mean time per level.
                   A        B        C        D        E       F      G
               +--------+--------+--------+--------+--------+-----+--------+
         Total |  12088 |  11932 |    156 |   2792 |   7832 |  10 | 1208.8 |
       Dungeon |  12062 |  11906 |    156 |   2782 |   7832 |   9 | 1340.2 |
         Abyss |     25 |     25 |      0 |     10 |      0 |   1 |   25.0 |
               +--------+--------+--------+--------+--------+-----+--------+

Top non-repeatable levels by time:
     D:8: 2616 daAuts
     D:1: 1858 daAuts
     D:5: 1662 daAuts
     D:3: 1517 daAuts
     D:2: 1220 daAuts
     D:7: 936 daAuts
     D:6: 886 daAuts
     D:4: 705 daAuts
     D:9: 659 daAuts
 Abyss:1: 25 daAuts

Table legend:
 A = Non-vault XP
 B = Vault XP
 C = Vault XP percentage of total XP
 D = Non-vault monster count
 E = Vault monster count
 F = Vault count percentage of total count
                 A         B        C        D         E       F
            +---------+---------+-------+---------+---------+-------
      Total |    5201 |    4360 |  45.6 |     146 |      14 |   8.8
            +---------+---------+-------+---------+---------+-------
        D:1 |      47 |       0 |   0.0 |      26 |       0 |   0.0
        D:2 |      27 |       0 |   0.0 |       9 |       0 |   0.0
        D:3 |      89 |     245 |  73.4 |      18 |       2 |  10.0
        D:4 |     250 |       0 |   0.0 |      15 |       0 |   0.0
        D:5 |     737 |       0 |   0.0 |      23 |       0 |   0.0
        D:6 |     715 |       0 |   0.0 |      15 |       0 |   0.0
        D:7 |     569 |     166 |  22.6 |       9 |       4 |  30.8
        D:8 |    1986 |    3093 |  60.9 |      18 |       7 |  28.0
        D:9 |     781 |     856 |  52.3 |      13 |       1 |   7.1
            +---------+---------+-------+---------+---------+-------
